 Dungeon Crawl Stone Soup version 0.29.1-15-g9cfb28693d (webtiles) character file.

Game seed: 13784260425986653842

2033 LLlMATKO the Trooper (level 9, 0/80 HPs)
             Began as a Minotaur Berserker on May 1, 2023.
             Was a Priest of Trog.
             Splashed by a jelly's acid (3 damage)
             ... on level 5 of the Dungeon.
             The game lasted 00:05:30 (4894 turns).

LLlMATKO the Trooper (Minotaur Berserker)           Turns: 4894, Time: 00:05:30

Health: 0/80       AC:  8    Str: 21    XL:     9   Next: 3%
Magic:  8/8        EV: 12    Int:  4    God:    Trog [***...]
Gold:   69         SH:  9    Dex: 15    Spells: 8/8 levels left

rFire   + . .      SeeInvis .   w - +0 war axe
rCold   . . .      Faith    .   B - +0 kite shield
rNeg    . . .      Spirit   .   n - +0 ring mail
rPois   .          Reflect  .   A - +1 hat of Proximity {rF+}
rElec   .          Harm     .   m - +0 cloak
rCorr   .          Rampage  .   (no gloves)
Will    .....                   (no boots)
Stlth   +.........              (no amulet)
HPRegen 0.23/turn               (no ring)
MPRegen 0.11/turn               (no ring)

@: on berserk cooldown, slowed, studying Short Blades, very slow
A: horns 2, retaliatory headbutt
a: Renounce Religion, Berserk, Trog's Hand


You were on level 5 of the Dungeon.
You worshipped Trog.
Trog was most pleased with you.
You visited 1 branch of the dungeon, and saw 5 of its levels.

You collected 230 gold pieces.
You spent 161 gold pieces at shops.

Inventory:

Hand Weapons
 q - a +2 sling of freezing
 w - a +0 war axe (weapon)
Missiles
 k - 3 boomerangs
 C - 22 poisoned darts (quivered)
Armour
 m - a +0 cloak (worn)
 n - a +0 ring mail (worn)
 A - the +1 hat of Proximity (worn) {rF+}
   (You found it on level 5 of the Dungeon)

   rF:        It protects you from fire.
 B - a +0 kite shield (worn)
Jewellery
 a - a ring of willpower
 v - a +6 ring of intelligence
Wands
 u - a wand of polymorph (9)
Scrolls
 b - 3 scrolls of fear {unknown}
 f - 5 scrolls of identify {unknown}
 g - a scroll of noise {unknown}
 i - 2 scrolls of magic mapping {unknown}
 o - 3 scrolls of teleportation {unknown}
 r - a scroll of silence {unknown}
 t - a scroll of enchant armour {unknown}
 x - a scroll of amnesia {unknown}
 y - a scroll of summoning {unknown}
 D - a scroll of blinking {unknown}
Potions
 c - a potion of invisibility {unknown}
 d - a potion of magic {unknown}
 e - 2 potions of attraction {unknown}
 h - 2 potions of curing {unknown}
 j - 4 potions of haste {unknown}
 l - a potion of berserk rage
 p - a potion of degeneration {unknown}
 s - 2 potions of mutation {unknown}
 z - a potion of cancellation {unknown}
 E - 2 potions of lignification {unknown}
 F - a potion of might {unknown}


   Skills:
 + Level 7.7 Fighting
 + Level 7.7 Axes
 + Level 7.2 Armour
 + Level 6.5 Dodging
 + Level 3.6 Shields


You had 8 spell levels left.
You didn't know any spells.
Your spell library was empty.

Dungeon Overview and Level Annotations

Branches:
Dungeon (5/15)             Temple (0/1) D:5

Altars:
Dithmenos

Shops:
D:5 (


Innate Abilities, Weirdness & Mutations

You have a pair of horns on your head.
You reflexively headbutt those who attack you in melee.


Message History

You slash the slime creature!
You kill the slime creature!
Trog accepts your kill.
You hit the slime creature.
Your Armour skill increases to level 7!
Your Dodging skill increases to level 6!
Your Shields skill increases to level 3!
You slash the slime creature!
The slime creature is severely wounded.
The slime creature closely misses you.
Unknown command.
You slice the slime creature!!
You kill the slime creature!
Trog accepts your kill.
You slash the endoplasm!
You kill the endoplasm!
Trog accepts your kill.
The jelly jiggles.
You have reached level 9!
Your experience leads to an increase in your attributes!
Increase (S)trength, (I)ntelligence, or (D)exterity?
You feel agile. x2
You slice the jelly!!
You kill the jelly!
Trog accepts your kill.
You hit the jelly.
Your hands burn!
* * * LOW HITPOINT WARNING * * *
You block the jelly's attack.
Unknown command.
You slice the jelly!!
You kill the jelly!
Trog accepts your kill.
You slash the endoplasm!
You kill the endoplasm!
Trog accepts your kill.
You are no longer berserk.
You are exhausted.
You feel yourself slow down.
You slash the jelly!
Your hands burn!
You die...

#.......##.##...........
#.......##.....#.....#..
#.......##...###..>..###
#.......##.....#.....#..
####....###.#...........
##..'....#
#.#....###...# #####
#.########
#.#.....#..... #...#
##..)...##
#.......#..... #...#
#######@# #.#####...#..†
#...# .P.....JJ##.#
###..... #...#
.........##.### #.....
#...# ...P.....##...#
##..... #...#
.÷....÷÷.##.#.## #......
#...#
.P.÷÷P...##....###......
#...#
?P.P...P.##...........#.
##...#
###########....###...##.
.....##### #....#
###....


You could see a jelly and an endoplasm.

Vanquished Creatures
  3 slime creatures (D:5)
  Sigmund (D:4)
  A yak (D:5)
  3 phantoms
  3 kobold brigands (D:5)
  A necrophage (D:5)
  A scorpion (D:5)
  A howler monkey (D:5)
  3 orc priests
  3 jellies (D:5)
  Crazy Yiuf (D:2)
  A gnoll bouda (D:3)
  2 iguanas (D:5)
  An orc wizard (D:3)
  8 adders
  5 gnolls
  A white imp (D:5)
  An ufetubus (D:5)
  2 worms
  2 dart slugs
  14 orcs
  9 endoplasms
  A giant cockroach (D:2)
  4 goblins
  6 hobgoblins
  6 jackals
  5 quokkas
  10 ball pythons
  10 bats
  5 frilled lizards
  12 kobolds
  9 rats
135 creatures vanquished.

Vanquished Creatures (others)
  3 fungi (D:5)
  6 toadstools (D:5)
9 creatures vanquished.

Grand Total: 144 creatures vanquished

Notes
Turn   | Place    | Note
-------+----------+-------------------------------------------
     0 | D:1      | LLlMATKO the Minotaur Berserker began the quest for the
                  | Orb.
     0 | D:1      | Reached XP level 1. HP: 19/19 MP: 0/0
   152 | D:1      | Found a faded altar of an unknown god.
   240 | D:1      | Reached XP level 2. HP: 24/27 MP: 1/1
   523 | D:1      | Reached XP level 3. HP: 32/33 MP: 2/2
  1022 | D:2      | Reached ** piety under Trog
  1032 | D:2      | Found a shadowy altar of Dithmenos.
  1619 | D:2      | Found a runed translucent door.
  1620 | D:2      | Noticed Crazy Yiuf
  1716 | D:2      | Reached XP level 4. HP: 41/41 MP: 3/3
  1848 | D:2      | Killed Crazy Yiuf
  2036 | D:3      | Reached XP level 5. HP: 29/47 MP: 4/4
  2686 | D:3      | Reached skill level 5 in Fighting
  2971 | D:4      | Noticed Sigmund
  2971 | D:4      | Noticed a phantom
  2989 | D:3      | Killed a phantom
  2990 | D:3      | Reached skill level 5 in Axes
  2990 | D:3      | Reached XP level 6. HP: 41/56 MP: 5/5
  3486 | D:4      | Killed Sigmund
  3487 | D:4      | Reached skill level 5 in Armour
  3487 | D:4      | Reached XP level 7. HP: 53/62 MP: 6/6
  3584 | D:4      | Reached *** piety under Trog
  3887 | D:5      | Entered Level 5 of the Dungeon
  3929 | D:5      | Reached skill level 5 in Dodging
  4178 | D:5      | Noticed a yak
  4186 | D:5      | Killed a yak
  4188 | D:5      | Reached XP level 8. HP: 71/71 MP: 7/7
  4273 | D:5      | Identified the +1 hat of Proximity {rF+}
  4309 | D:5      | Found a staircase to the Ecumenical Temple.
  4402 | D:5      | Found Midi's Weapon Shoppe.
  4410 | D:5      | Bought a +2 sling of freezing for 161 gold pieces
  4575 | D:5      | Reached skill level 1 in Shields
  4879 | D:5      | Noticed a slime creature
  4881 | D:5      | Noticed a slime creature
  4881 | D:5      | Noticed a slime creature
  4889 | D:5      | Killed a slime creature
  4889 | D:5      | Killed a slime creature
  4891 | D:5      | Killed a slime creature
  4892 | D:5      | Reached XP level 9. HP: 7/80 MP: 8/8
  4892 | D:5      | HP: 4/120 [acid (3)]
  4894 | D:5      | Splashed by a jelly's acid

Illustrated notes

Levels and vault maps discovered:
D:1:      lightli_arrival_statue_moat, layout_basic,
          hellmonk_ecumenical_altar_crossroads
D:2:      layout_basic, basic_altar, uniq_crazy_yiuf_cottage
D:3:      layout_basic
D:4:      layout_rooms, chequers_mini_garden, uniq_sigmund
D:5:      cheibrodos_fertilizer, layout_basic, minmay_temple_entry_tees,
          serial_shops, nicolae_shop_bloodbath_and_beyond, minmay_manual_maat

Skill      XL: |  1  2  3  4  5  6  7  8 |
---------------+-------------------------+-----
Fighting       | 4 5 6 7 |  7.7
Axes           | 4 5 6 7 |  7.7
Armour         | 3 4 5 6 7 |  7.2
Dodging        | 3 4 5 6 |  6.5
Shields        | 3 |  3.6

Action                   |  1- 3 |  4- 6 |  7- 9 || total
-------------------------+-------+-------+-------++-------
Melee: Hand axe          |    69 |       |       ||    69
       Headbutt          |    13 |    15 |    18 ||    46
       War axe           |    22 |   103 |    90 ||   215
       Punch             |     1 |       |       ||     1
 Fire: Sling             |       |       |     7 ||     7
Throw: Dart              |       |     3 |       ||     3
Invok: Berserk           |     2 |     3 |     2 ||     7
 Stab: Sleeping          |     1 |       |       ||     1
Armor: Animal skin       |    21 |       |       ||    21
       Ring mail         |       |    39 |    21 ||    60
Dodge: Dodged            |    63 |    91 |    57 ||   211
Block: Kite shield       |       |       |    22 ||    22
